 Dungeon Crawl Stone Soup version 0.27.1-35-g4d5d836560 (webtiles) character file.

Game seed: 10203849180807596450

135 cbfl8 the Slasher (level 4, -6/41 HPs)
             Began as a Minotaur Monk on June 10, 2022.
             Killed from afar by Sigmund (9 damage)
             ... with a puff of flame
             ... on level 3 of the Dungeon.
             The game lasted 00:03:35 (2823 turns).

cbfl8 the Slasher (Minotaur Monk)                   Turns: 2823, Time: 00:03:36

Health: -6/41      AC:  6    Str: 16      XL:     4   Next: 96%
Magic:  3/3        EV: 10    Int:  4 (7)  God:
Gold:   61         SH:  0    Dex: 10 (13) Spells: 3/3 levels left

rFire    . . .     SeeInvis .   h - +0 hand axe
rCold    . . .     Faith    .   (no shield)
rNeg     . . .     Spirit   .   c - +0 scale mail
rPois    .         Reflect  .   (helmet restricted)
rElec    .         Harm     .   (no cloak)
rCorr    .         Rampage  .   (no gloves)
Will     .....                  (no boots)
Stlth    ..........             (no amulet)
HPRegen  0.13/turn              (no ring)
MPRegen  0.08/turn              (no ring)

@: no status effects
A: horns 2, retaliatory headbutt
a: no special abilities


You were on level 3 of the Dungeon.
You visited 1 branch of the dungeon, and saw 3 of its levels.

You collected 61 gold pieces.

Inventory:

Hand Weapons
 a - a +0 falchion
 h - a +0 hand axe (weapon)
Armour
 b - a +0 robe
 c - a +0 scale mail (worn)
 i - a +0 ring mail
Scrolls
 d - a scroll of noise {unknown}
 f - a scroll of identify {unknown}
 g - a scroll of vulnerability {unknown}
 k - 3 scrolls of amnesia {unknown}
 l - a scroll of enchant armour {unknown}
 m - 2 scrolls of immolation {unknown}


   Skills:
 + Level 4.4 Fighting
 + Level 5.1 Long Blades
 + Level 0.9 Armour
 + Level 4.3 Dodging
 + Level 2.0 Stealth


You had 3 spell levels left.
You didn't know any spells.
Your spell library contained the following spells:

 Spells                   Type           Power      Damage    Failure   Level
 Call Canine Familiar     Summ           0%         N/A       100%        3
 Portal Projectile        Hex/Tloc       0%         N/A       100%        3
 Leda's Liquefaction      Hex/Erth       0%         N/A       100%        4


Dungeon Overview and Level Annotations

Branches:
Dungeon (3/15)

Altars:

Annotations:
D:2 Jessica, Robin
D:3 Sigmund


Innate Abilities, Weirdness & Mutations

You have a pair of horns on your head.
You reflexively headbutt those who attack you in melee.


Message History

You barely miss the hobgoblin. Your headbutt misses the hobgoblin.
You hit the hobgoblin. The hobgoblin hits you.
Sigmund gestures wildly while chanting.
Sigmund flickers and vanishes!
Deactivating autopickup; reactivate with Ctrl-A.
The hobgoblin closely misses you. You furiously retaliate!
You headbutt the hobgoblin. You hit the hobgoblin but do no damage.
Your headbutt misses the hobgoblin. You barely miss the hobgoblin.
A centaur zombie comes into view.
The hobgoblin barely misses you. You furiously retaliate!
You headbutt the hobgoblin. The hobgoblin hits you.
The centaur zombie moves out of view.
Unknown command.
You hit the hobgoblin.
You kill the hobgoblin!
You closely miss the adder. You hit the hobgoblin.
You kill the hobgoblin!
The adder bites you but does no damage.
A frilled lizard comes into view.
The adder barely misses you. The adder bites you but does no damage.
A magic dart appears from out of thin air!
The magic dart hits you.
You see here a hobgoblin corpse.
The adder closely misses you.
A magic dart appears from out of thin air!
The magic dart hits you! The adder bites you but does no damage.
Found a robe.
The frilled lizard closely misses you.
A magic dart appears from out of thin air!
The magic dart hits you!
* * * LOW HITPOINT WARNING * * *
You hit the frilled lizard.
The frilled lizard is heavily wounded.
You hit the adder. The frilled lizard bites you.
* * * LOW HITPOINT WARNING * * *
The adder closely misses you.
A puff of flame appears from out of thin air!
The puff of flame hits you!
You die...

. ....# #. ....+
.#.# #...+
....##.Z.#
#......{.#
.........##### #
.......<.....#..#
(....#.†.........
... ##.S@l<.## .
#....### [...#.##
...####.# ... #.#
.. #.. # #.. #..#


You could see an adder, a centaur zombie and a frilled lizard.

Vanquished Creatures
  Terence (D:2)
  6 gnolls (D:2)
  An adder (D:2)
  A worm (D:2)
  5 bats (D:1)
  4 endoplasms
  2 giant cockroaches (D:1)
  7 goblins
  5 hobgoblins
  2 quokkas (D:1)
  A ball python (D:1)
  2 frilled lizards
  2 kobolds
  3 rats
42 creatures vanquished.

Notes
Turn   | Place    | Note
-------+----------+-------------------------------------------
     0 | D:1      | cbfl8 the Minotaur Monk began the quest for the Orb.
     0 | D:1      | Reached XP level 1. HP: 19/19 MP: 0/0
   294 | D:1      | Reached XP level 2. HP: 27/27 MP: 1/1
   362 | D:1      | Reached skill level 4 in Long Blades
   397 | D:1      | Found a faded altar of an unknown god.
  1108 | D:2      | Reached XP level 3. HP: 15/33 MP: 2/2
  1871 | D:2      | Reached XP level 4. HP: 40/40 MP: 3/3
  1892 | D:2      | HP: 2/41 [gnoll (2)]
  2414 | D:2      | Noticed Terence
  2420 | D:2      | Killed Terence
  2421 | D:2      | Reached skill level 5 in Long Blades
  2775 | D:2      | Noticed Robin
  2780 | D:2      | Noticed Jessica
  2815 | D:3      | Noticed Sigmund
  2823 | D:3      | Killed from afar by Sigmund

Illustrated notes

Levels and vault maps discovered:
D:1:      lemuel_arrival_lava_pool, layout_basic,
          dreamdust_ecumenical_altar_grove
D:2:      layout_basic, uniq_robin, uniq_jessica, uniq_crazy_yiuf_cottage,
          uniq_terence
D:3:      layout_rooms, nzn_overflow_gifts_of_might_and_magic, st_stairs_10,
          kennysheep_generic_room_12, uniq_sigmund

Skill      XL: |  1  2  3  4 |
---------------+-------------+-----
Long Blades    | 4 5 |  5.1
Fighting       | 4 |  4.4
Dodging        | 4 |  4.3
Stealth        | 2 |  2.0
Armour         | |  0.9

Action                   |  1- 3 |  4- 6 || total
-------------------------+-------+-------++-------
Melee: Falchion          |    55 |    14 ||    69
       Headbutt          |    12 |     6 ||    18
       Hand axe          |       |    13 ||    13
Throw: Throwing net      |       |     1 ||     1
  Use: Scroll            |       |     2 ||     2
       Potion            |       |     2 ||     2
 Stab: Sleeping          |     1 |       ||     1
Armor: Robe              |     7 |       ||     7
       Ring mail         |     8 |     2 ||    10
       Scale mail        |       |    13 ||    13
Dodge: Dodged            |    45 |    30 ||    75
       Rpst.: Falchion   |    11 |     5 ||    16
